Map: Terrasses de Prion

Players

King - Winner!

  • Race: Terran Terran
  • League: Silver

pupu

  • Race: Protoss Protoss
  • League: Silver

VOD

Have the link to the VOD?

Description

Time

  • Played on: April 10, 2016, 7:11 a.m.
  • Length: 10:33
Show
View Real Time Build Order
Export as new Build Order

King Terran - Winner!

Build Orders: MMM Bio 

Get SALT Encoding   

  12  0:01  SCV  
  13  0:13  SCV  
  14  0:18  Supply Depot  
  14  0:26  SCV  
  15  0:40  SCV  
  15  0:41  Barracks  
  16  0:46  Refinery  
  16  0:54  SCV  
  17  1:10  SCV  
  18  1:23  SCV  
  19  1:37  Command Center  
  19  1:39  Barracks Reactor  
  19  1:52  Bunker  
  19  1:53  Orbital Command  
  19  2:16  Barracks  
  19  2:17  Marine  
  19  2:18  Marine  
  21  2:28  SCV  
  22  2:40  Barracks, SCV  
  23  2:48  Marine x2  
  25  2:53  SCV  
  25  2:55  Supply Depot  
  26  3:02  Orbital Command  
  26  3:05  SCV  
  27  3:13  Barracks Tech Lab  
  27  3:15  Marine x2  
  27  3:17  SCV  
  30  3:30  Engineering Bay  
  30  3:33  SCV  
  31  3:35  Engineering Bay  
  31  3:45  SCV  
  31  3:46  Barracks Reactor  
  32  3:48  Factory  
  32  3:49  Marine x2  
  34  3:57  SCV, Stimpack  
  35  4:04  Refinery  
  35  4:09  SCV  
  36  4:10  Refinery  
  36  4:11  Refinery  
  36  4:21  SCV  
  36  4:23  Supply Depot  
  37  4:25  Supply Depot  
  37  4:28  Marine  
  37  4:29  Marine  
  37  4:30  Marine  
  37  4:31  Marine  
  41  4:33  SCV  
  41  4:36  Starport  
  42  4:39  Factory Reactor  
  43  4:45  SCV  
  43  4:46  Marine  
  44  4:57  SCV  
  44  4:58  Supply Depot  
  44  4:59  Supply Depot  
  45  5:00  Terran Infantry Weapons Level 1, Supply Depot  
  45  5:11  Marine x5  
  50  5:18  Armory  
  50  5:24  Supply Depot  
  50  5:27  Terran Infantry Armor Level 1  
  50  5:28  Marine  
  50  5:29  Marine x3  
  54  5:38  SCV  
  55  5:49  Medivac x2  
  59  5:50  SCV  
  59  5:51  Marine  
  59  5:52  Marine x4  
  65  5:57  Combat Shields  
  65  6:02  SCV  
  66  6:14  Marine x3, SCV  
  66  6:15  Marine x2  
  66  6:16  Command Center  
  72  6:19  Medivac  
  74  6:26  SCV  
  74  6:32  Marine  
  76  6:34  Factory Reactor  
  76  6:41  Terran Vehicle And Ship Armor Level 1  
  76  6:42  Marine  
  76  6:43  Marine x2  
  76  6:44  Marauder  
  81  6:49  Marine  
  82  6:54  Terran Infantry Weapons Level 2  
  82  7:00  Marine x2  
  82  7:01  Marine  
  85  7:06  Marauder  
  85  7:07  Marine  
  88  7:16  Concussive Shells  
  88  7:18  Marine x3  
  88  7:19  Supply Depot  
  90  7:25  Marine  
  90  7:27  Marauder  
  92  7:36  Marine  
  88  7:53  Factory Reactor  
  88  7:55  Marine  
  88  7:56  Marine x4  
  88  7:58  Medivac x2  
  92  8:13  Marine  
  92  8:14  Marine x4  
  96  8:26  Orbital Command  
  95  8:31  Marine x3  
  95  8:32  Marine x2  
  100  8:47  SCV  
  101  8:49  Marine, Orbital Command  
  102  8:59  SCV  
  103  9:05  Supply Depot  
  103  9:07  Supply Depot  
  103  9:08  Supply Depot x2  
  103  9:11  Supply Depot, SCV  
  104  9:18  Medivac  
  104  9:19  Marine, Medivac  
  104  9:20  Marine x4  
  104  9:23  SCV  
  114  9:35  SCV  
  114  9:37  Marine  
  114  9:38  Marine x3  
  117  9:39  Marauder  
  121  9:54  Hellbat  
  121  9:55  Marine, Hellbat  
  121  9:56  Marine x3  
  129  10:00  Marauder  
  131  10:13  Marine x2  
  131  10:14  Marine  
Show
View Real Time Build Order
Export as new Build Order

pupu Protoss 

Build Orders: 1 Gate Expand 

Get SALT Encoding   

  12  0:01  Probe (Chrono Boost)  
  13  0:11  Probe (Chrono Boost)  
  14  0:18  Pylon  
  14  0:24  Probe (Chrono Boost)  
  15  0:37  Probe (Chrono Boost)  
  15  0:40  Gateway  
  16  0:47  Probe (Chrono Boost)  
  17  0:50  Assimilator  
  17  0:58  Probe (Chrono Boost)  
  18  1:08  Probe (Chrono Boost)  
  19  1:19  Probe (Chrono Boost)  
  20  1:29  Nexus  
  20  1:43  Probe (Chrono Boost)  
  21  1:50  Cybernetics Core  
  21  1:53  Pylon  
  22  1:54  Probe (Chrono Boost)  
  22  2:04  Probe (Chrono Boost)  
  23  2:15  Probe (Chrono Boost)  
  24  2:22  Assimilator  
  24  2:25  Probe (Chrono Boost)  
  25  2:33  Pylon  
  25  2:37  Warp Gate (Chrono Boost), Gateway  
  25  2:39  Gateway  
  25  2:42  Probe (Chrono Boost)  
  25  2:43  Probe (Chrono Boost)  
  27  2:55  Probe x2 (Chrono Boost)  
  29  3:04  Pylon  
  30  3:05  Probe (Chrono Boost)  
  30  3:15  Twilight Council  
  30  3:17  Gateway  
  30  3:22  Probe (Chrono Boost), Robotics Facility  
  30  3:23  Probe (Chrono Boost)  
  32  3:30  Assimilator  
  32  3:32  Probe (Chrono Boost)  
  32  3:33  Probe (Chrono Boost)  
  34  3:41  Probe (Chrono Boost)  
  34  3:44  Probe  
  34  3:45  Sentry  
  34  3:46  Stalker  
  42  3:48  Zealot  
  42  3:51  Probe  
  43  3:56  Probe, Gateway  
  44  4:02  Probe  
  44  4:08  Probe  
  46  4:11  Assimilator  
  46  4:16  Charge (Chrono Boost)  
  46  4:18  Warp Prism (Chrono Boost)  
  46  4:21  Probe  
  46  4:22  Probe  
  50  4:34  Probe x2  
  50  4:37  Pylon  
  52  4:40  Forge  
  52  4:43  Pylon  
  52  4:46  Probe x2  
  52  4:48  Zealot x4  
  62  4:56  Pylon  
  62  4:58  Pylon  
  62  5:01  Pylon  
  62  5:09  Probe x2  
  62  5:14  Pylon  
  64  5:18  Nexus  
  64  5:19  Immortal (Chrono Boost)  
  68  5:34  Zealot x4  
  76  5:43  Pylon  
  76  5:45  Pylon  
  76  5:47  Probe x2  
  76  5:48  Pylon  
  78  5:54  Immortal  
  78  5:56  Protoss Ground Weapons Level 1 (Chrono Boost)  
  82  6:04  Blink  
  82  6:07  Zealot x2  
  86  6:15  Zealot x3  
  92  6:28  Gateway  
  92  6:30  Probe  
  92  6:31  Probe  
  94  6:32  Gateway  
  94  6:33  Probe  
  94  6:34  Pylon  
  94  6:36  Pylon  
  95  6:42  Probe  
  95  6:43  Probe  
  95  6:44  Probe  
  95  6:45  Zealot x2  
  95  6:46  Zealot  
  104  7:03  Zealot x2  
  108  7:19  Zealot x2  
  108  7:20  Zealot  
  58  7:56  Zealot x5  
  62  8:21  Probe  
  62  8:23  Probe x2  
  62  8:26  Zealot x5  
  69  8:32  Probe  
  70  8:35  Probe x2  
  70  8:36  Gateway  
  70  8:37  Gateway  
  70  8:39  Immortal, Gateway  
  72  8:41  Gateway  
  72  8:45  Pylon  
  72  8:47  Pylon  
  76  8:50  Pylon  
  76  8:52  Zealot x5, Pylon  
  86  8:57  Pylon  
  86  9:00  Pylon  
  86  9:03  Pylon  
  86  9:05  Pylon  
  86  9:07  Nexus  
  86  9:09  Probe  
  88  9:10  Probe  
  88  9:13  Assimilator  
  88  9:15  Assimilator  
  88  9:17  Zealot x3  
  88  9:18  Immortal, Zealot x2  
  102  9:41  Photon Cannon  
  102  9:43  Probe  
  102  9:44  Probe x2, Photon Cannon  
  105  9:49  Photon Cannon  
  105  9:52  Photon Cannon  
  105  9:53  Probe, Zealot x2  
  105  9:54  Zealot x7, Assimilator, Pylon  
  105  9:55  Zealot  
  105  9:56  Probe x2  
  105  9:58  Pylon, Assimilator  
  128  10:13  Probe x2  
  130  10:15  Dark Shrine  
  130  10:17  Gateway  
  130  10:19  Gateway  
Tags
 
Add a new tag
Caveats
  • Supply blocks, unpowered buildings, or Contaminate may cause inaccurate times.
  • Supply counts are checked every 10 seconds.